Description

:D

Build Order

Get SALT Encoding   

  14  0:17  Supply Depot  
  15  0:30  Refinery  
  16  0:45  Barracks  
  20  1:30  Orbital Command  
  20  1:44  Command Center  
  20  1:54  Factory  
  21  2:07  Barracks Reactor  
  22  2:12  Supply Depot  
  22  2:15  Refinery  
  26  2:42  Starport  
  27  2:46  Widow Mine  
  33  3:08  Factory Tech Lab  
  35  3:27  Action  swap starport to tech lab
  39  3:32  Raven  
  39  3:33  Factory Tech Lab  
  50  3:55  Siege Tank  
  53  4:12  Command Center  
  55  4:27  Barracks x2, Stimpack  swap rax to starport's tech lab and buil dnew on reactor
  60  4:44  Refinery x2  
  62  4:52  Engineering Bay  
  71  5:26  Barracks x2  
  71  5:35  Starport Reactor, Factory Reactor  
  100  6:37  Action  move 3rd command to location and push
  114  8:55  Ghost Academy  
Spawning Tool Build Advisor. Get it on Overwolf

Go to:

Details

  • Created by: StriKE_SC2
  • Published on: Feb 27, 2019
  • Modified on: Feb 27, 2019
  • Patch: 4.7.1
Show
View Real Time Build Order
Export as new Build Order

Comments (0)

There are no comments. Be the first!

Create an account to comment!